 Dungeon Crawl Stone Soup version 0.29.0-10-g45618ea6d2 (webtiles) character file.

Game seed: 10990747200394751016

1882 Zeldest the Ruffian (level 8, -7/120 HPs)
             Began as a Troll Transmuter on Sept 1, 2022.
             Was a Believer of Cheibriados.
             Mangled by an orc warrior
             ... wielding a +0 glaive
              (16 damage)
             ... on level 5 of the Dungeon.
             The game lasted 00:10:47 (1498 turns).

Zeldest the Ruffian (Troll Transmuter)              Turns: 1498, Time: 00:10:48

Health: -7/120     AC: -8    Str: 29    XL:     8   Next: 92%
Magic:  8/9        EV:  1    Int: 15    God:    Cheibriados [**....]
Gold:   264        SH:  0    Dex: 14    Spells: 4/9 levels left

rFire   . . .      SeeInvis .     - Unarmed
rCold   . . .      Faith    .   (no shield)
rNeg    . . .      Spirit   .   (body armour currently unavailable)
rPois   +          Reflect  .   (helmet currently unavailable)
rElec   .          Harm     .   (cloak currently unavailable)
rCorr   .          Rampage  .   (gloves unavailable)
Will    .....      NoTele   +   (boots unavailable)
Stlth   +.........              (no amulet)
HPRegen 1.10/turn               o - +6 ring of strength
MPRegen 0.11/turn               (no ring)

@: tree-form, wereblooded, corroded, attractive, very slow
A: stationary, stasis, torment immunity, boosted hp, large, unfitting armour,
(claws 3), regeneration 1, (shaggy fur 1), (tough skin 1)
a: Renounce Religion, Bend Time


You were on level 5 of the Dungeon.
You worshipped Cheibriados.
Cheibriados was pleased with you.
You were a tree.
You visited 2 branches of the dungeon, and saw 7 of its levels.

You collected 264 gold pieces.

Inventory:

Hand Weapons
 k - a +4 war axe of flaming
Armour
 l - a +0 troll leather armour (melded)
Jewellery
 e - a ring of magical power
 o - a +6 ring of strength (left branch)
Wands
 m - a wand of iceblast (4)
Scrolls
 a - a scroll of noise {unknown}
 f - 4 scrolls of vulnerability
 j - a scroll of enchant weapon {unknown}
 n - a scroll of brand weapon {unknown}
Potions
 c - a potion of might {unknown}
 d - 2 potions of attraction
 g - a potion of heal wounds {unknown}
 h - 3 potions of resistance
 i - a potion of degeneration {unknown}
 p - a potion of flight {unknown}


   Skills:
 + Level 5.1 Fighting
 - Level 1.5 Dodging
 + Level 6.9 Unarmed Combat
 - Level 1.2 Spellcasting
 + Level 4.9 Transmutations
 + Level 3.6 Invocations


You had 4 spell levels left.
You knew the following spells:

 Your Spells              Type           Power      Damage    Failure   Level
a - Beastly Appendage     Tmut           30%        N/A       3%          1
b - Wereblood             Tmut           15%        N/A       4%          2
c - Passwall              Tmut/Erth      6%         N/A       13%         2

Your spell library contained the following spells:

 Spells                   Type           Power      Damage    Failure   Level
 Magic Dart               Conj           0%         1d3       24%         1
 Spider Form              Tmut/Pois      8%         N/A       26%         3
 Ensorcelled Hibernation  Hex/Ice        0%         N/A       36%         2
 Searing Ray              Conj           0%         2d4       36%         2
 Swiftness                Air            0%         N/A       58%         3
 Ice Form                 Ice/Tmut       8%         N/A       65%         4
 Fulminant Prism          Conj/Hex       0%         3d6       94%         4


Dungeon Overview and Level Annotations

Branches:
Dungeon (6/15)             Temple (1/1) D:5

Altars:
Cheibriados
Dithmenos
Elyvilon
Gozag
Hepliaklqana
Makhleb
Nemelex Xobeh
Okawaru
Qazlal
Ru
Trog
Vehumet
Yredelemnul
Zin

Annotations:
D:3 2 runed translucent doors, nickcage's ghost, amateur GrEE


Innate Abilities, Weirdness & Mutations

You are a tree.
Your roots penetrate the ground, keeping you stationary.
You cannot be teleported.
You are immune to unholy pain and torment.
Your maximum health is greatly increased.
Your equipment is partially melded.
You are too large for most types of armour.
((You have claws for hands.))
Your natural rate of healing is unusually fast.
((You are covered in fur. (AC +1)))
((You have tough skin. (AC +1)))


Message History

The orc warrior hits you but does no damage.
You hit the rust devil.
The rust devil is lightly wounded.
The rust devil hits you. The rust devil corrodes you! The rust devil hits you.
The rust devil corrodes you!
The orc warrior hits you from afar with a +0 glaive!
You hit the rust devil but do no damage.
The rust devil is lightly wounded.
The rust devil hits you. The rust devil corrodes you! The rust devil hits you.
The rust devil corrodes you!
The orc warrior hits you from afar with a +0 glaive.
You hit the rust devil but do no damage.
The rust devil is lightly wounded.
You hit the rust devil but do no damage.
The rust devil is lightly wounded.
You creak as the wereblood boils in your veins!
The rust devil hits you. The rust devil corrodes you! The rust devil hits you.
The rust devil corrodes you!
The orc warrior hits you from afar with a +0 glaive!
You hit the rust devil but do no damage.
The rust devil is lightly wounded.
The rust devil hits you. The rust devil corrodes you! The rust devil hits you.
The rust devil corrodes you!
The orc warrior hits you from afar with a +0 glaive!!
You pummel the rust devil!!
The rust devil is heavily wounded.
The rust devil hits you! The rust devil corrodes you! The rust devil hits you.
* * * LOW HITPOINT WARNING * * *
The rust devil corrodes you!
The orc warrior hits you from afar with a +0 glaive!!
* * * LOW HITPOINT WARNING * * *
You hit the rust devil but do no damage.
The rust devil is heavily wounded.
The rust devil hits you.
* * * LOW HITPOINT WARNING * * *
The rust devil corrodes you! The rust devil hits you.
* * * LOW HITPOINT WARNING * * *
The rust devil corrodes you!
The orc warrior hits you from afar with a +0 glaive!
You die...

PP.P.P.......###
###...#.#. #.#
.........##.##♣...♣##....#
#.# .....P.###..#).....)
....#.##.### ._.....#
#.###.....# #...#......#
.....P.. #.# +..8..+
#...####.#.# .....P..
#.###.....###.#.#....#.#


PPPP.P.. #..#)...o.)#....#.####.# ##.##♣.44♣##.#..#)# .# #..###♣###..#....# ..
##...###.....)..## ## ###...........## ####...###### ##### You could see 2 rust
devils and an orc warrior.

Vanquished Creatures
  Duvessa (D:6)
  An ice beast (D:5)
  A sky beast (D:6)
  An orc warrior (D:5)
  An ogre (D:4)
  A phantom (D:5)
  A bullfrog (D:6)
  Blork the orc (D:6)
  A gnoll sergeant (D:6)
  5 scorpions
  Dowan (D:6)
  An orc priest (D:5)
  3 gnoll boudas
  4 hounds
  6 jellies
  Natasha (D:4)
  4 iguanas
  18 gnolls
  4 adders
  A white imp (D:6)
  An ufetubus (D:5)
  2 orcs (D:5)
  A bat (D:3)
  4 endoplasms
  3 giant cockroaches
  4 goblins
  A hobgoblin (D:1)
  2 quokkas
  2 ball pythons
  2 frilled lizards
  5 kobolds
  2 rats
86 creatures vanquished.

Vanquished Creatures (others)
  9 fungi (D:5)
9 creatures vanquished.

Grand Total: 95 creatures vanquished

Notes
Turn   | Place    | Note
-------+----------+-------------------------------------------
     0 | D:1      | Zeldest the Troll Transmuter began the quest for the Orb.
     0 | D:1      | Reached XP level 1. HP: 18/18 MP: 1/1
    60 | D:1      | Reached skill level 1 in Fighting
   136 | D:1      | Reached XP level 2. HP: 27/27 MP: 2/2
   151 | D:2      | Learned a level 2 spell: Wereblood
   279 | D:4      | Noticed a scorpion
   298 | D:4      | Killed a scorpion
   299 | D:4      | Reached XP level 3. HP: 24/35 MP: 0/3
   299 | D:4      | Reached XP level 4. HP: 29/42 MP: 0/4
   309 | D:4      | Reached skill level 4 in Unarmed Combat
   350 | D:4      | Noticed an ogre
   386 | D:4      | Reached XP level 5. HP: 39/49 MP: 1/5
   393 | D:4      | Killed an ogre
   397 | D:4      | Reached XP level 6. HP: 37/59 MP: 2/6
   504 | D:4      | Noticed Natasha
   512 | D:4      | Killed Natasha
   565 | D:3      | Reached skill level 5 in Unarmed Combat
   703 | D:3      | Found a large runed translucent door.
   704 | D:3      | Found a large runed translucent door.
   707 | D:3      | Noticed nickcage's ghost (amateur GrEE)
   759 | D:5      | Entered Level 5 of the Dungeon
   791 | D:5      | Reached XP level 7. HP: 67/67 MP: 1/7
   804 | D:5      | Found a staircase to the Ecumenical Temple.
   816 | Temple   | Entered the Ecumenical Temple
   864 | Temple   | Became a worshipper of Cheibriados the Contemplative
   943 | D:5      | Found a bloodstained altar of Trog.
  1071 | D:6      | Noticed Duvessa
  1072 | D:6      | Reached skill level 1 in Invocations
  1080 | D:6      | Killed Duvessa
  1081 | D:6      | Noticed Dowan
  1084 | D:6      | Killed Dowan
  1099 | D:6      | Reached * piety under Cheibriados
  1124 | D:6      | Learned a level 2 spell: Passwall
  1144 | D:6      | Reached skill level 6 in Unarmed Combat
  1144 | D:6      | Reached XP level 8. HP: 76/78 MP: 6/8
  1434 | D:6      | Noticed Blork the orc
  1448 | D:6      | Killed Blork the orc
  1449 | D:6      | Reached skill level 5 in Fighting
  1486 | D:5      | Noticed a rust devil
  1486 | D:5      | Noticed a rust devil
  1491 | D:5      | Reached ** piety under Cheibriados
  1498 | D:5      | Mangled by an orc warrior

Illustrated notes

Levels and vault maps discovered:
D:1:      minmay_arrival_five_plusses, layout_loops_ring, nicolae_titane
D:2:      layout_basic
D:3:      layout_rooms, ebering_ghost_disaster_area,
          hellmonk_ecumenical_altar_watching_god
D:4:      layout_cave_pools, uniq_natasha
D:5:      cheibrodos_iron_armory, layout_basic,
          mainiacjoe_overflow_cross_hatched, nicolae_overflow_two_pavilions,
          minmay_temple_entry_proselytizer
D:6:      layout_loops_ring, hangedman_decor_opposing, grunt_ministairs_7,
          nrook_mini_vaults, uniq_blork_the_orc, uniq_duvessa
Temple:   dshaligram_water_room_temple

Skill      XL: |  1  2  3  4  5  6  7  8 |
---------------+-------------------------+-----
Fighting       | 1 2 3 4 5 |  5.1
Transmutations | 2 3 4 |  4.9
Unarmed Combat | 4 5 6 |  6.9
Invocations    | 1 3 |  3.6
Dodging        | |  1.5
Spellcasting   | |  1.2

Action                   |  1- 3 |  4- 6 |  7- 9 || total
-------------------------+-------+-------+-------++-------
Melee: Unarmed           |    39 |    55 |   117 ||   211
       Headbutt          |       |    12 |    25 ||    37
       Kick              |       |     8 |    34 ||    42
 Cast: Beastly Appendage |     1 |     9 |    12 ||    22
       Wereblood         |     1 |     5 |     8 ||    14
  Use: Scroll            |       |       |     6 ||     6
       Potion            |       |       |     2 ||     2
 Stab: Sleeping          |     1 |       |       ||     1
Armor: Robe              |     8 |    12 |       ||    20
       Troll leather arm |       |     8 |    27 ||    35
       Skin              |       |       |    11 ||    11
Dodge: Dodged            |    18 |    26 |    33 ||    77
